[Event "France Jeunes Belfort 2017"]
[Site "Belfort"]
[Date "2017.04.16"]
[Round "1.1"]
[White "Bellahcene, Sofia"]
[Black "Delhoume, Sarah"]
[Result "1-0"]
[ECO "C10"]
[WhiteElo "1699"]
[BlackElo "1169"]
[PlyCount "107"]
[EventDate "2017.??.??"]
[TimeControl "6000+550"]
[WhiteClock "0:50:58"]
[BlackClock "0:51:52"]

1. e4 e6 2. d4 d5 3. Nc3 c5 4. dxc5 d4 5. Nb5 Bxc5 6. Bf4 Na6 7. a3 f6 8. b4
Be7 9. e5 Qd5 10. Qxd4 Qxd4 11. Nxd4 Bd8 12. Nb5 Be7 13. O-O-O Bd7 14. Nd6+
Bxd6 15. Rxd6 Rd8 16. Bxa6 bxa6 17. Rxa6 Ra8 18. Nf3 Ne7 19. Nd4 Nd5 20. Bg3
Nc7 21. Ra5 Nd5 22. exf6 gxf6 23. Re1 Kf7 24. Kb2 Rhc8 25. Nb5 Bxb5 26. Rxb5 a6
27. Rb7+ Ne7 28. Bd6 Re8 29. c4 e5 30. f4 Ke6 31. fxe5 fxe5 32. Bxe7 Rxe7 33.
Rxe5+ Kxe5 34. Rxe7+ Kd4 35. c5 a5 36. Rxh7 axb4 37. axb4 Kc4 38. Rh4+ Kb5 39.
Kb3 Rg8 40. Rh6 Rb8 41. Rb6+ Rxb6 42. cxb6 Kxb6 43. h4 Kb5 44. h5 Kb6 45. h6
Kb5 46. h7 Kb6 47. h8=Q Kb5 48. Qc8 Kb6 49. Qc5+ Ka6 50. b5+ Kb7 51. Ka4 Kb8
52. b6 Kb7 53. Qc7+ Ka8 54. Qa7# 1-0

[Event "France Jeunes Belfort 2017"]
[Site "Belfort"]
[Date "2017.04.16"]
[Round "1.1"]
[White "Denninger, Gael"]
[Black "Zachary, Matheo"]
[Result "0-1"]
[ECO "A28"]
[WhiteElo "1740"]
[BlackElo "2267"]
[PlyCount "46"]
[EventDate "2017.??.??"]
[TimeControl "6000+900"]
[WhiteClock "0:28:13"]
[BlackClock "0:47:57"]

1. c4 Nf6 2. Nc3 e5 3. Nf3 Nc6 4. e4 Bc5 5. Nxe5 Nxe5 6. d4 Bb4 7. dxe5 Nxe4 8.
Qd4 Nxc3 9. bxc3 Be7 10. g3 O-O 11. Bg2 d6 12. exd6 Bf6 13. Qd3 Bf5 14. Qd2
Re8+ 15. Kf1 cxd6 16. Ba3 Qa5 17. Bb4 Qa4 18. Bxd6 Qxc4+ 19. Kg1 Rad8 20. Qf4
Qxc3 21. Rf1 Bd3 22. Bb4 Qb2 23. Rd1 Rd4 0-1

[Event "France Jeunes Belfort 2017"]
[Site "Belfort"]
[Date "2017.04.16"]
[Round "1.1"]
[White "Djidjeli, Sarah"]
[Black "Rozec, Mialy"]
[Result "1-0"]
[ECO "B10"]
[WhiteElo "1934"]
[BlackElo "1289"]
[PlyCount "85"]
[EventDate "2017.??.??"]
[TimeControl "6000+1160"]
[WhiteClock "0:31:24"]
[BlackClock "0:02:18"]

1. e4 c6 2. Nc3 g6 3. Nf3 d5 4. exd5 cxd5 5. Bb5+ Bd7 6. Qe2 Nf6 7. O-O Bg7 8.
Re1 e6 9. d4 O-O 10. Bf4 Qb6 11. a4 a6 12. a5 Bxb5 13. axb6 Bxe2 14. Rxe2 Nc6
15. Na4 Ne4 16. c3 Rac8 17. Nd2 Nxd2 18. Rxd2 Rfd8 19. Bc7 Rd7 20. Nc5 Rdxc7
21. bxc7 Rxc7 22. g3 Ne7 23. Ra3 e5 24. Rb3 exd4 25. cxd4 Nf5 26. Rxb7 Rxb7 27.
Nxb7 Nxd4 28. Kg2 f5 29. h3 Kf7 30. h4 h6 31. Nd6+ Ke6 32. Ne8 Bh8 33. Nc7+ Kd6
34. Nxa6 g5 35. hxg5 hxg5 36. Nb4 g4 37. Nd3 Nf3 38. Rd1 Ne5 39. Nf4 Nc4 40.
Rxd5+ Kc6 41. Rxf5 Bxb2 42. Nd3 Ba3 43. Ne5+ 1-0

[Event "France Jeunes Belfort 2017"]
[Site "Belfort"]
[Date "2017.04.16"]
[Round "1.1"]
[White "Flick, Antoine"]
[Black "Brison, Lucas"]
[Result "1-0"]
[ECO "D47"]
[WhiteElo "2327"]
[BlackElo "1772"]
[PlyCount "191"]
[EventDate "2017.??.??"]
[TimeControl "6000+790"]
[WhiteClock "0:10:50"]
[BlackClock "0:29:07"]

1. d4 d5 2. Nf3 Nf6 3. c4 c6 4. Nc3 e6 5. e3 Nbd7 6. Bd3 dxc4 7. Bxc4 b5 8. Bd3
Bd6 9. O-O O-O 10. b3 Bb7 11. Bb2 Re8 12. Rc1 a6 13. Ne4 Nxe4 14. Bxe4 Rc8 15.
Qe2 f5 16. Bb1 c5 17. Rfd1 c4 18. bxc4 bxc4 19. Nd2 Qh4 20. h3 Qg5 21. f4 Qg3
22. Nxc4 Bf8 23. Bd3 Bd5 24. Rc2 g5 25. Qf2 Qxf2+ 26. Kxf2 gxf4 27. exf4 Nf6
28. Rdc1 Ne4+ 29. Ke3 Rc7 30. g4 Rb8 31. Ba1 Bb4 32. gxf5 exf5 33. Rg1+ Kf8 34.
Ne5 Rxc2 35. Bxc2 Rc8 36. Nd7+ Kf7 37. Bb3 Bd2+ 38. Kd3 Bxb3 39. axb3 Rc1 40.
Rxc1 Bxc1 41. Kc4 Bxf4 42. Nc5 Bd2 43. Nxe4 fxe4 44. d5 Ke7 45. Be5 Be3 46. Bg3
Kd7 47. Kc3 Bc5 48. Bf4 Ke7 49. Kc4 Bd6 50. Bg5+ Kf7 51. Be3 Kg6 52. Kc3 Kf5
53. Kd4 Bb8 54. Kc4 Bd6 55. Bg1 Kf6 56. Bf2 Kf5 57. Be3 Ke5 58. Bc1 Kf5 59. Kd4
Bb4 60. Be3 Bd6 61. Bd2 Be7 62. Bh6 Ba3 63. Be3 Bd6 64. Bg1 Bb8 65. Kc4 Bd6 66.
Be3 Ke5 67. Bh6 Kf5 68. Bc1 Ke5 69. Bd2 Kf5 70. Kd4 Bf8 71. Ba5 Bd6 72. Bd2 Bf8
73. Bc1 Bb4 74. Be3 Bd6 75. Bh6 Ba3 76. Kc3 Bc5 77. Kc4 Bb6 78. Bg7 Kg6 79. Bc3
Kf5 80. Bg7 Ba5 81. Bh8 Bb6 82. Bc3 Ba7 83. Bb2 Bb6 84. Bc3 Ba7 85. b4 e3 86.
Kd3 e2 87. Kxe2 Bb8 88. Kd3 Bd6 89. Kc4 Kg5 90. Bd4 Be7 91. Bc5 Bd8 92. d6 Kf6
93. Kd5 Kf7 94. Kc6 Ke6 95. d7 h5 96. Bb6 1-0

[Event "France Jeunes Belfort 2017"]
[Site "Belfort"]
[Date "2017.04.16"]
[Round "1.1"]
[White "Kambrath, Yannick"]
[Black "Fleurquin, Bryan"]
[Result "1/2-1/2"]
[ECO "A40"]
[WhiteElo "2341"]
[BlackElo "1921"]
[PlyCount "139"]
[EventDate "2017.??.??"]
[TimeControl "6000+1275"]
[WhiteClock "0:03:28"]
[BlackClock "0:03:30"]

1. d4 g6 2. c4 Bg7 3. e4 d6 4. Nc3 e5 5. Nf3 exd4 6. Nxd4 Nc6 7. Nxc6 bxc6 8.
Be2 Ne7 9. h4 h5 10. Bg5 Be6 11. Qc2 Qd7 12. Rd1 c5 13. Nd5 Bxd5 14. cxd5 Rb8
15. b3 c6 16. Bc4 cxd5 17. Bxd5 Nxd5 18. Rxd5 Qe6 19. O-O O-O 20. Bf4 Rb6 21.
Re1 Bd4 22. Be3 Bxe3 23. Rxe3 Re8 24. Qd1 Qf6 25. g3 Re5 26. Rd2 Qe7 27. Rde2
Rb4 28. Qe1 Qb7 29. f4 Re7 30. e5 dxe5 31. Rxe5 Rxe5 32. Rxe5 Qd7 33. Re8+ Kh7
34. Re7 Qd5 35. Qe5 Qxe5 36. fxe5 Kg8 37. Rc7 Rd4 38. Rxc5 Rd1+ 39. Kf2 Rd2+
40. Ke3 Rxa2 41. Kd4 Rd2+ 42. Ke4 Re2+ 43. Kf4 Rf2+ 44. Ke3 Rg2 45. Kf3 Rb2 46.
Rb5 Kf8 47. Rb7 a5 48. Kf4 a4 49. b4 a3 50. b5 a2 51. Ra7 Rb4+ 52. Kf3 Rxb5 53.
Rxa2 Rxe5 54. Ra6 Kg7 55. Rb6 Re6 56. Rb5 Kf6 57. Ra5 Re5 58. Ra6+ Kf5 59. Ra7
f6 60. Ra3 Rb5 61. Rc3 g5 62. hxg5 Kxg5 63. Ra3 Rb1 64. Ra5+ f5 65. Ra3 Rf1+
66. Kg2 Rc1 67. Kf3 Rb1 68. Ra8 Rb6 69. Rg8+ Rg6 70. Rf8 1/2-1/2

[Event "France Jeunes Belfort 2017"]
[Site "Belfort"]
[Date "2017.04.16"]
[Round "1.1"]
[White "Lomandong, Noela-Joyce"]
[Black "Discors, Emma"]
[Result "1-0"]
[ECO "A05"]
[WhiteElo "1987"]
[BlackElo "1450"]
[PlyCount "59"]
[EventDate "2017.??.??"]
[TimeControl "6000+750"]
[WhiteClock "0:19:04"]
[BlackClock "0:26:24"]

1. Nf3 Nf6 2. g3 g6 3. Bg2 Bg7 4. c4 O-O 5. Nc3 c5 6. O-O Qb6 7. e4 d6 8. Rb1
Be6 9. d3 Nc6 10. a3 a5 11. Bd2 Nd4 12. h3 Bd7 13. Nxd4 cxd4 14. Ne2 Bc6 15.
Qc1 Rac8 16. b4 axb4 17. axb4 d5 18. c5 Qb5 19. Nxd4 Qxd3 20. Nxc6 Rxc6 21.
exd5 Nxd5 22. Rd1 Rd8 23. Bg5 Qf5 24. g4 Qe6 25. Qc4 Nc3 26. Rxd8+ Bf8 27. Qxe6
Rxe6 28. Bh6 Ne2+ 29. Kh2 f6 30. Rxf8# 1-0

[Event "France Jeunes Belfort 2017"]
[Site "Belfort"]
[Date "2017.04.16"]
[Round "1.1"]
[White "Mathieu, Phileas"]
[Black "Debie, Timothee"]
[Result "1-0"]
[ECO "C77"]
[WhiteElo "2030"]
[BlackElo "1473"]
[PlyCount "59"]
[EventDate "2017.??.??"]
[TimeControl "6000+1120"]
[WhiteClock "0:37:05"]
[BlackClock "0:21:39"]

1. e4 e5 2. Nf3 Nc6 3. Bb5 a6 4. Ba4 Nf6 5. d3 b5 6. Bb3 Be7 7. O-O O-O 8. c3
d6 9. Nbd2 Na5 10. Bc2 c5 11. Re1 Be6 12. Nf1 Nc6 13. Ng3 Qb6 14. h3 b4 15. Ng5
Nd7 16. Nxe6 fxe6 17. Bb3 Rf6 18. Nf5 h6 19. Qg4 g5 20. h4 Kh7 21. Nxe7 Nxe7
22. hxg5 Rg6 23. Bxe6 Nf6 24. Qh4 Nfg8 25. Bf5 Nxf5 26. exf5 Rg7 27. g6+ Kh8
28. Bxh6 Nxh6 29. Qxh6+ Kg8 30. f6 1-0

[Event "France Jeunes Belfort 2017"]
[Site "Belfort"]
[Date "2017.04.16"]
[Round "1.1"]
[White "Pigeat, Typhaine"]
[Black "Leriche, Ines"]
[Result "1/2-1/2"]
[ECO "B27"]
[WhiteElo "1623"]
[BlackElo "2037"]
[PlyCount "73"]
[EventDate "2017.??.??"]
[TimeControl "6000+1065"]
[WhiteClock "0:02:28"]
[BlackClock "0:00:32"]

1. e4 c5 2. Nf3 g6 3. c3 d5 4. exd5 Qxd5 5. d4 Bg7 6. dxc5 Qxc5 7. Be3 Qc7 8.
Be2 Nf6 9. h3 O-O 10. O-O Nc6 11. Qc2 Bf5 12. Bd3 Bxd3 13. Qxd3 e5 14. Nbd2
Rfd8 15. Qc2 Nb4 16. Qb3 Nd3 17. Rad1 Rd7 18. Nc4 Nh5 19. Ne1 Nhf4 20. Nxd3
Nxd3 21. Rd2 e4 22. Rfd1 Kh8 23. Na3 Qa5 24. Nc4 Qh5 25. Na3 Be5 26. Qb5 Rc7
27. Bd4 Bxd4 28. cxd4 Qxb5 29. Nxb5 Rd7 30. f3 f5 31. fxe4 fxe4 32. Re2 a6 33.
Nc3 Rxd4 34. Rxe4 Rxe4 35. Nxe4 Nxb2 36. Rb1 Re8 37. Nd6 1/2-1/2

[Event "France Jeunes Belfort 2017"]
[Site "Belfort"]
[Date "2017.04.16"]
[Round "1.1"]
[White "Saliou, Sarah"]
[Black "Haussernot, Cécile"]
[Result "1-0"]
[ECO "A30"]
[WhiteElo "1684"]
[BlackElo "2107"]
[PlyCount "31"]
[EventDate "2017.??.??"]
[TimeControl "6000+2575"]
[WhiteClock "0:42:29"]
[BlackClock "0:02:33"]

1. c4 c5 2. Nf3 Nc6 3. Nc3 e6 4. e3 d5 5. d4 cxd4 6. exd4 dxc4 7. Bxc4 a6 8.
O-O Bd6 9. Re1 b5 10. Bb3 b4 11. Ne4 Nge7 12. d5 exd5 13. Bxd5 Bc7 14. Bxc6+
Nxc6 15. Nf6+ Kf8 16. Qxd8+ 1-0

[Event "France Jeunes Belfort 2017"]
[Site "Belfort"]
[Date "2017.04.16"]
[Round "1.2"]
[White "Aubert, Laurane"]
[Black "Ringayen, Rose-May"]
[Result "1-0"]
[ECO "C45"]
[WhiteElo "1998"]
[BlackElo "1615"]
[PlyCount "59"]
[EventDate "2017.??.??"]
[TimeControl "6000+750"]
[WhiteClock "0:23:52"]
[BlackClock "0:25:38"]

1. e4 e5 2. Nf3 Nc6 3. d4 exd4 4. Nxd4 Bc5 5. Nb3 Bb6 6. Nc3 d6 7. Qe2 Nd4 8.
Nxd4 Bxd4 9. Nd5 h6 10. Qd3 Bf6 11. Be2 Be6 12. Be3 Bxd5 13. exd5 Bxb2 14. Qb5+
Kf8 15. Qxb2 b6 16. O-O Ne7 17. Bf3 Nf5 18. Bf4 h5 19. Qc3 Kg8 20. Be4 Nh6 21.
Rae1 g5 22. Be3 f5 23. Bd3 Rh7 24. Bd4 Rf7 25. Re6 Ng4 26. h3 Ne5 27. Bxe5 dxe5
28. Qxe5 Qf8 29. Rg6+ Kh7 30. Rxg5 1-0

[Event "France Jeunes Belfort 2017"]
[Site "Belfort"]
[Date "2017.04.16"]
[Round "1.2"]
[White "Berthaut, Alexandre"]
[Black "Lamard, Guillaume"]
[Result "1/2-1/2"]
[ECO "B40"]
[WhiteElo "1903"]
[BlackElo "2307"]
[PlyCount "59"]
[EventDate "2017.??.??"]
[TimeControl "6000+1105"]
[WhiteClock "0:03:47"]
[BlackClock "0:21:47"]

1. e4 c5 2. Nf3 e6 3. g3 d5 4. exd5 Qxd5 5. Nc3 Qd7 6. Bb5 Nc6 7. Ne5 Qc7 8.
Nxc6 bxc6 9. Be2 Nf6 10. O-O Be7 11. b3 h5 12. h4 Bd6 13. Kg2 Rh6 14. d3 Rg6
15. Bg5 Be5 16. Ne4 Ng4 17. Rb1 f6 18. Bxg4 hxg4 19. Be3 f5 20. h5 Rf6 21.
Nxf6+ Bxf6 22. Rh1 Kf7 23. h6 g6 24. Qd2 e5 25. Bg5 Be6 26. c4 Bh8 27. Rbe1 a5
28. Rb1 Re8 29. Rhe1 Bc8 30. Be3 1/2-1/2

[Event "France Jeunes Belfort 2017"]
[Site "Belfort"]
[Date "2017.04.16"]
[Round "1.2"]
[White "Braule-Debaecker, Emeline"]
[Black "Yuan, Beline"]
[Result "0-1"]
[ECO "B20"]
[WhiteElo "1287"]
[BlackElo "1845"]
[PlyCount "46"]
[EventDate "2017.??.??"]
[TimeControl "6000+575"]
[WhiteClock "1:06:22"]
[BlackClock "0:03:19"]

1. e4 e6 2. d4 d5 3. exd5 exd5 4. Bd3 Nc6 5. Nf3 Bg4 6. Be3 Bd6 7. Nbd2 Nge7 8.
O-O Qd7 9. c3 O-O-O 10. b4 Ng6 11. a4 Nce7 12. c4 Nf4 13. Bc2 dxc4 14. Nxc4
Neg6 15. Rb1 Kb8 16. a5 Nxg2 17. Kxg2 Nh4+ 18. Kg1 Bxf3 19. Qxf3 Nxf3+ 20. Kg2
Qg4+ 21. Kh1 Qh3 22. Bf4 Bxf4 23. Be4 Qxh2# 0-1

[Event "France Jeunes Belfort 2017"]
[Site "Belfort"]
[Date "2017.04.16"]
[Round "1.2"]
[White "Cohen Revivo, Shoham"]
[Black "Lubineau, Mathis"]
[Result "1-0"]
[ECO "C01"]
[WhiteElo "2221"]
[BlackElo "1739"]
[PlyCount "53"]
[EventDate "2017.??.??"]
[TimeControl "6000+590"]
[WhiteClock "0:57:47"]
[BlackClock "0:54:54"]

1. e4 c5 2. c4 Nc6 3. Nc3 g6 4. g3 Bg7 5. Bg2 e5 6. Nge2 Nge7 7. O-O O-O 8. d3
d6 9. Be3 Nd4 10. f4 Be6 11. Qd2 a6 12. Nd5 b5 13. fxe5 dxe5 14. Nxd4 cxd4 15.
Bg5 Bxd5 16. cxd5 Qd6 17. Rac1 Rac8 18. Rxc8 Rxc8 19. Qf2 Rf8 20. Bf6 Bh6 21.
Qc2 Rb8 22. Bh3 Kf8 23. Be6 Ng8 24. Bxe5 Qb6 25. Rxf7+ Ke8 26. Bxb8 Ne7 27. Qc7
1-0

[Event "France Jeunes Belfort 2017"]
[Site "Belfort"]
[Date "2017.04.16"]
[Round "1.2"]
[White "Parlas, Helin"]
[Black "Vernet, Solene"]
[Result "0-1"]
[ECO "A37"]
[WhiteElo "1606"]
[BlackElo "1863"]
[PlyCount "84"]
[EventDate "2017.??.??"]
[TimeControl "6000+1575"]
[WhiteClock "0:12:59"]
[BlackClock "0:25:51"]

1. c4 c5 2. g3 g6 3. Bg2 Bg7 4. Nf3 Nc6 5. Nc3 e5 6. e4 d6 7. a3 Be6 8. Nd5
Nge7 9. O-O O-O 10. Rb1 Rb8 11. Ng5 Bd7 12. f4 exf4 13. gxf4 Nxd5 14. cxd5 Nd4
15. b4 cxb4 16. Rxb4 a5 17. Rb1 b5 18. Nf3 Qb6 19. Kh1 b4 20. axb4 axb4 21.
Nxd4 Bxd4 22. Bb2 Bb5 23. Rf3 Bxb2 24. Rxb2 Qd4 25. Qb3 Qxe4 26. d3 Qe1+ 27.
Rf1 Qe7 28. Rbf2 Bd7 29. d4 Bf5 30. Rc1 Rfc8 31. Rc6 Bd7 32. Rxc8+ Bxc8 33. h3
Bf5 34. Qc4 b3 35. Rb2 Bc2 36. Qc3 Re8 37. Rxc2 bxc2 38. Qxc2 Qe1+ 39. Kh2 Qe3
40. Qd1 Qxf4+ 41. Kh1 Qf2 42. Qg4 Re1+ 0-1

[Event "France Jeunes Belfort 2017"]
[Site "Belfort"]
[Date "2017.04.16"]
[Round "1.2"]
[White "Saucourt, C."]
[Black "Travadon, Loic"]
[Result "0-1"]
[ECO "E32"]
[WhiteElo "1811"]
[BlackElo "2348"]
[PlyCount "98"]
[EventDate "2017.??.??"]
[TimeControl "6000+880"]
[WhiteClock "0:03:27"]
[BlackClock "0:16:30"]

1. d4 Nf6 2. c4 e6 3. Nc3 Bb4 4. Qc2 O-O 5. a3 Bxc3+ 6. bxc3 c5 7. Nf3 Nc6 8.
e3 d6 9. Bd3 e5 10. O-O Qe7 11. Be2 e4 12. Ne1 Bf5 13. g3 Rac8 14. Rb1 b6 15.
Ng2 Na5 16. Qa2 Bg4 17. Bxg4 Nxg4 18. Bd2 Qe6 19. Rfc1 Qh6 20. h4 Qe6 21. Nf4
Qxc4 22. Qxc4 Nxc4 23. Be1 f5 24. Nd5 Kf7 25. Nf4 Nf6 26. Kf1 Rc7 27. Ke2 Nxa3
28. Ra1 Nc4 29. Ra4 cxd4 30. cxd4 Rfc8 31. Ra6 g6 32. Rca1 Ra8 33. Bb4 h6 34.
Nh3 Nd5 35. Be1 Ke6 36. Nf4+ Nxf4+ 37. gxf4 Kd5 38. Rc1 Rac8 39. Rca1 Nb2 40.
Bd2 Rc2 41. Rxa7 Nc4 42. Rd1 Rg8 43. Rh7 g5 44. hxg5 hxg5 45. Rh5 Ra8 46. fxg5
Raa2 47. g6 Nxd2 48. Rg1 Nc4+ 49. Kf1 Nxe3+ 0-1

[Event "France Jeunes Belfort 2017"]
[Site "Belfort"]
[Date "2017.04.16"]
[Round "1.2"]
[White "Spano, Aline"]
[Black "Rollot, Florence"]
[Result "0-1"]
[ECO "B01"]
[WhiteElo "1448"]
[BlackElo "1973"]
[PlyCount "100"]
[EventDate "2017.??.??"]
[TimeControl "6000+1430"]
[WhiteClock "0:12:25"]
[BlackClock "0:13:55"]

1. e4 d5 2. exd5 Qxd5 3. Nc3 Qa5 4. d4 Nf6 5. Bd2 Bg4 6. Ne4 Qh5 7. Nxf6+ gxf6
8. Be2 Rg8 9. Nf3 Nc6 10. Bc3 O-O-O 11. h3 e5 12. Rg1 Bxf3 13. Bxf3 Qxh3 14. d5
Nd4 15. Bxd4 exd4 16. gxh3 Rxg1+ 17. Ke2 Re8+ 18. Kd3 Rxd1+ 19. Rxd1 Bc5 20.
Rg1 Bf8 21. Kxd4 Bh6 22. Bh5 Kd7 23. Bxf7 Re2 24. Be6+ Ke7 25. Bf5 Rxf2 26.
Re1+ Kf7 27. Bxh7 Rf3 28. h4 f5 29. Kc4 Bg7 30. c3 Rf2 31. Kb3 f4 32. h5 Bf6
33. Bg6+ Kg7 34. Rg1 Kh6 35. Bf7 Bg5 36. Re1 Kg7 37. Be6 f3 38. Bh3 Re2 39. Rf1
f2 40. c4 Re3+ 41. Kc2 Rxh3 42. Rxf2 Rxh5 43. Re2 Rh4 44. b3 Rh1 45. Re8 Rh2+
46. Kb1 Bf6 47. Rc8 Be5 48. Rb8 b6 49. Rb7 Rb2+ 50. Ka1 Rxb3# 0-1

[Event "France Jeunes Belfort 2017"]
[Site "Belfort"]
[Date "2017.04.16"]
[Round "1.3"]
[White "Bellahcene, Meriem"]
[Black "Fornes, Marie"]
[Result "1-0"]
[ECO "C24"]
[WhiteElo "1919"]
[BlackElo "1489"]
[PlyCount "117"]
[EventDate "2017.??.??"]
[TimeControl "6000+1845"]
[WhiteClock "0:03:33"]
[BlackClock "0:02:57"]

1. e4 e5 2. Bc4 Nf6 3. d3 Be7 4. Nc3 O-O 5. f4 d6 6. f5 c6 7. Qf3 b5 8. Bb3 Bb7
9. Qe2 Re8 10. Nf3 Nbd7 11. O-O d5 12. Kh1 dxe4 13. Nxe4 Nd5 14. Bd2 Rc8 15. a4
b4 16. Qf2 c5 17. Qg3 Bf8 18. Rae1 Qc7 19. Nfg5 h6 20. Nh3 Kh8 21. Qh4 Qd8 22.
Qh5 f6 23. Ng1 N7b6 24. Nf3 c4 25. dxc4 Nxc4 26. Bc1 Nd6 27. Nf2 Ne7 28. Nh4
Qc7 29. Qg4 Red8 30. Qxb4 Qc5 31. Qxc5 Rxc5 32. Be3 Rcc8 33. Bxa7 Ra8 34. Bb6
Rdc8 35. Nd3 Rab8 36. a5 Nd5 37. Bxd5 Bxd5 38. c3 Nc4 39. Ng6+ Kg8 40. Nxf8
Kxf8 41. Bc5+ Kf7 42. b4 Nd2 43. Rf2 Ne4 44. Rc2 Nxc5 45. Nxc5 Ke7 46. Rd1 Bc6
47. Kg1 Rd8 48. Rcd2 Rbc8 49. Rxd8 Rxd8 50. Rxd8 Kxd8 51. Ne6+ Ke7 52. Kf2 g6
53. g4 gxf5 54. gxf5 Be4 55. a6 Bxf5 56. a7 Be4 57. Nc7 Kd7 58. a8=Q Bxa8 59.
Nxa8 1-0

[Event "France Jeunes Belfort 2017"]
[Site "Belfort"]
[Date "2017.04.16"]
[Round "1.3"]
[White "Berriat, D."]
[Black "Afraoui, Anaelle"]
[Result "0-1"]
[ECO "B34"]
[WhiteElo "1611"]
[BlackElo "1977"]
[PlyCount "54"]
[EventDate "2017.??.??"]
[TimeControl "6000+1685"]
[WhiteClock "0:12:43"]
[BlackClock "8:12:54"]

1. e4 c5 2. Nf3 Nc6 3. d4 cxd4 4. Nxd4 Nf6 5. Nc3 e5 6. Ndb5 d6 7. Nd5 Nxd5 8.
Qxd5 a6 9. Nc3 Nd4 10. Kd1 Be7 11. Be3 O-O 12. Bxd4 exd4 13. Qxd4 Bf6 14. Qb4
g6 15. Nd5 Bg7 16. Nb6 Rb8 17. Bc4 Qf6 18. f3 Qd4+ 19. Kc1 Be6 20. c3 Qe3+ 21.
Kc2 Qf2+ 22. Kb3 Bxc4+ 23. Kxc4 Qc2 24. Qb3 Qe2+ 25. Kb4 Qb5+ 26. Ka3 Qa5+ 27.
Na4 b5 0-1

[Event "France Jeunes Belfort 2017"]
[Site "Belfort"]
[Date "2017.04.16"]
[Round "1.3"]
[White "Gospodaru, Teodora"]
[Black "Perino Blaszczyk, Romane"]
[Result "1-0"]
[ECO "A40"]
[WhiteElo "1827"]
[BlackElo "1283"]
[PlyCount "53"]
[EventDate "2017.??.??"]
[TimeControl "6000+700"]
[WhiteClock "0:45:11"]
[BlackClock "0:18:14"]

1. d4 d5 2. Nf3 Nf6 3. c4 e6 4. Nc3 Be7 5. Bf4 O-O 6. e3 Nbd7 7. Bd3 b6 8. O-O
Bb7 9. a3 Rc8 10. b4 c5 11. cxd5 exd5 12. bxc5 bxc5 13. dxc5 Nxc5 14. Bf5 Rc6
15. Nd4 Rb6 16. Ndb5 a6 17. Bc7 Qe8 18. Bxb6 axb5 19. Ne2 Qc6 20. Bxc5 Bxc5 21.
Nd4 Qb6 22. Rb1 Ba6 23. Nc2 Qa5 24. Qc1 Rb8 25. Nb4 Bxb4 26. axb4 g6 27. bxa5
1-0

[Event "France Jeunes Belfort 2017"]
[Site "Belfort"]
[Date "2017.04.16"]
[Round "1.3"]
[White "Lataste, Yann"]
[Black "Harutyunyan, Ruben"]
[Result "0-1"]
[ECO "D37"]
[WhiteElo "1737"]
[BlackElo "2218"]
[PlyCount "90"]
[EventDate "2017.??.??"]
[TimeControl "6000+1075"]
[WhiteClock "0:26:55"]
[BlackClock "0:03:53"]

1. d4 e6 2. Nf3 c5 3. e3 Nf6 4. c4 cxd4 5. Nxd4 Nc6 6. a3 Be7 7. Nc3 O-O 8. Be2
a6 9. O-O d6 10. Nxc6 bxc6 11. e4 Bb7 12. f4 d5 13. cxd5 cxd5 14. exd5 Nxd5 15.
Nxd5 Bxd5 16. Bf3 Qb6+ 17. Kh1 Rad8 18. Qe2 Qb3 19. Bxd5 Rxd5 20. f5 Rxf5 21.
Rxf5 exf5 22. Bf4 Qe6 23. Qxe6 fxe6 24. Re1 Rd8 25. h3 Kf7 26. g4 g5 27. Be5 f4
28. h4 h6 29. Re2 Rd3 30. hxg5 hxg5 31. Rf2 Bc5 32. Rc2 Rd5 33. b4 Bb6 34. Bc7
Be3 35. Rc6 f3 36. Rd6 Rxd6 37. Bxd6 Bd4 38. Kh2 e5 39. a4 e4 40. Kg3 Ke6 41.
Bf8 Be5+ 42. Kf2 Bd6 43. Bh6 Kf6 44. b5 axb5 45. a5 Kg6 0-1

[Event "France Jeunes Belfort 2017"]
[Site "Belfort"]
[Date "2017.04.16"]
[Round "1.3"]
[White "Laurent-Paoli, Pierre"]
[Black "Charrier, A."]
[Result "1-0"]
[ECO "E76"]
[WhiteElo "2298"]
[BlackElo "1752"]
[PlyCount "37"]
[EventDate "2017.??.??"]
[TimeControl "6000+745"]
[WhiteClock "0:55:31"]
[BlackClock "0:47:05"]

1. d4 Nf6 2. c4 g6 3. Nc3 Bg7 4. e4 d6 5. f4 O-O 6. Nf3 Nbd7 7. Bd3 c5 8. d5 e6
9. dxe6 fxe6 10. O-O Nb6 11. Qe2 Kh8 12. e5 dxe5 13. fxe5 Ng4 14. Bg5 Qd7 15.
Rad1 Nxe5 16. Nxe5 Qd4+ 17. Kh1 Rxf1+ 18. Rxf1 Qxe5 19. Rf8+ 1-0

[Event "France Jeunes Belfort 2017"]
[Site "Belfort"]
[Date "2017.04.16"]
[Round "1.3"]
[White "Meunier-Pion, J."]
[Black "Niepceron, A."]
[Result "0-1"]
[ECO "B90"]
[WhiteElo "2226"]
[BlackElo "1803"]
[PlyCount "120"]
[EventDate "2017.??.??"]
[TimeControl "6000+1435"]
[WhiteClock "0:03:16"]
[BlackClock "0:06:23"]

1. e4 c5 2. Nf3 d6 3. d4 cxd4 4. Nxd4 Nf6 5. Nc3 a6 6. h3 e6 7. g4 Be7 8. Bg2
Qc7 9. Be3 Nc6 10. Qd2 Rb8 11. f4 Na5 12. b3 b5 13. a3 Bb7 14. g5 Nd7 15. O-O
Rc8 16. Nde2 Nc6 17. Rad1 O-O 18. h4 Qa5 19. f5 Qxa3 20. f6 gxf6 21. gxf6 Bxf6
22. Rxf6 Nxf6 23. Bd4 Nxd4 24. Qg5+ Kh8 25. Qxf6+ Kg8 26. Rxd4 Qc5 27. e5 dxe5
28. b4 Qb6 29. Bxb7 Rxc3 30. Qg5+ Kh8 31. Qf6+ Kg8 32. Qxe5 f6 33. Qe4 Rc7 34.
Qe3 Qxb7 35. Qxe6+ Kh8 36. Kf2 Rg7 37. Nf4 Qc7 38. Qf5 Qe5 39. Qd3 Rg4 40. Kf3
Rfg8 41. Ne2 Rg3+ 42. Nxg3 Rxg3+ 43. Kf2 Rxd3 44. Rxd3 Qf4+ 45. Ke2 Qxh4 46. c3
h5 47. Rd8+ Kg7 48. Rd7+ Kg6 49. Ra7 Qh2+ 50. Kd3 Qg3+ 51. Ke4 Qg4+ 52. Kd5 Qc8
53. Ke4 h4 54. c4 bxc4 55. b5 c3 56. b6 c2 57. b7 Qb8 58. Ra8 Qxb7+ 59. Kf4
c1=Q+ 60. Kg4 Qg5+ 0-1

[Event "France Jeunes Belfort 2017"]
[Site "Belfort"]
[Date "2017.04.16"]
[Round "1.3"]
[White "Viennot, Dylan"]
[Black "Grunfelder, A."]
[Result "1-0"]
[ECO "D02"]
[WhiteElo "2264"]
[BlackElo "1899"]
[PlyCount "71"]
[EventDate "2017.??.??"]
[TimeControl "6000+1240"]
[WhiteClock "0:15:38"]
[BlackClock "0:10:59"]

1. d4 d5 2. Nf3 Nf6 3. g3 e6 4. Bg2 c5 5. O-O Nc6 6. b3 Be7 7. Bb2 O-O 8. Nbd2
b6 9. c4 Bb7 10. dxc5 Bxc5 11. Rc1 dxc4 12. Nxc4 Qe7 13. a3 Rfd8 14. Qc2 Nd4
15. Bxd4 Bxd4 16. e3 Bc5 17. b4 Bd6 18. Nd4 Bxg2 19. Kxg2 Rac8 20. Qe2 Qb7+ 21.
Qf3 Qxf3+ 22. Kxf3 h6 23. Rfd1 Bb8 24. b5 Kf8 25. Nc6 Rxd1 26. Rxd1 Nd5 27. a4
a6 28. Rxd5 exd5 29. Nxb6 Rc7 30. Nxd5 Rc8 31. Nb6 Rc7 32. Nxb8 axb5 33. axb5
Ke8 34. Nd5 Rb7 35. Na6 Kd8 36. b6 1-0

[Event "France Jeunes Belfort 2017"]
[Site "Belfort"]
[Date "2017.04.16"]
[Round "1.4"]
[White "Adak, Alexis"]
[Black "Mohammad, Fahim"]
[Result "1-0"]
[ECO "A48"]
[WhiteElo "1742"]
[BlackElo "2281"]
[PlyCount "85"]
[EventDate "2017.??.??"]
[TimeControl "6000+1295"]
[WhiteClock "0:01:30"]
[BlackClock "0:02:30"]

1. d4 Nf6 2. Nf3 g6 3. Bf4 Bg7 4. Nc3 d5 5. e3 O-O 6. Be2 c5 7. Ne5 Nc6 8. h4
cxd4 9. exd4 Qb6 10. Nxc6 bxc6 11. Na4 Qa5+ 12. c3 Nd7 13. b4 Qd8 14. Qd2 e5
15. dxe5 Nxe5 16. Bh6 Bxh6 17. Qxh6 Bf5 18. h5 Nd3+ 19. Bxd3 Bxd3 20. Kd2 Bf5
21. g4 Be4 22. f3 g5 23. fxe4 dxe4+ 24. Kc2 Qd3+ 25. Kb3 Qd5+ 26. c4 Qe5 27.
Rad1 Rad8 28. Qxc6 a5 29. Qc5 Qg3+ 30. Nc3 a4+ 31. Kb2 h6 32. Nd5 a3+ 33. Kc2
Qg2+ 34. Kb3 Qb2+ 35. Ka4 Ra8+ 36. Kb5 Rfb8+ 37. Nb6 Qc2 38. Qc6 Ra7 39. Rd7
Ra4 40. Qxh6 Qf2 41. Qxg5+ Kh8 42. Qe5+ Kh7 43. Qxb8 1-0